 Dungeon Crawl Stone Soup version 0.25.0-26-g0c896c7 (webtiles) character file.

Game seed: 11902884626606593412

116 robertstho the Bolt Thrower (level 5, 0/31 HPs)
             Began as a Kobold Hunter on July 1, 2020.
             Killed from afar by an orc wizard (6 damage)
             ... with a magic dart
             ... on level 2 of the Dungeon.
             The game lasted 00:02:59 (1200 turns).

robertstho the Bolt Thrower (Kobold Hunter)         Turns: 1200, Time: 00:03:00

Health: 0/31       AC:  4    Str: 11    XL:     5   Next: 21%
Magic:  5/5        EV: 15    Int: 12    God:
Gold:   80         SH:  0    Dex: 15    Spells: 4/4 levels left

rFire    . . .     SeeInvis .   o - +1 dagger (vamp)
rCold    . . .     Gourm    .   (shield restricted)
rNeg     . . .     Faith    .   c - +0 leather armour
rPois    .         Spirit   .   (no helmet)
rElec    .         Reflect  .   j - +0 cloak
rCorr    .         Harm     .   (no gloves)
MR       .....                  (no boots)
Stlth    ++........             (no amulet)
HPRegen  0.10/turn              (no ring)
MPRegen  0.09/turn              (no ring)

@: flying
A: small, carnivore
a: no special abilities


You were on level 2 of the Dungeon.
You were completely stuffed.

You visited 1 branch of the dungeon, and saw 3 of its levels.

You collected 80 gold pieces.

Inventory:

Hand Weapons
 a - a +1 hand crossbow
 b - a +0 short sword
 o - a +1 vampiric dagger (weapon)
Missiles
 d - 28 bolts
Armour
 c - a +0 leather armour (worn)
 j - a +0 cloak (worn)
Jewellery
 g - a cursed -4 ring of evasion {unknown}
Wands
 q - a wand of iceblast (7)
Scrolls
 e - 3 scrolls of remove curse {unknown}
 h - a scroll of teleportation {unknown}
 i - 2 scrolls of amnesia {unknown}
 k - a scroll of identify {unknown}
 n - a scroll of fear {unknown}
Comestibles
 f - 3 rations
 m - 5 chunks of flesh


   Skills:
 * Level 2.7 Fighting
 + Level 0.3 Short Blades
 * Level 6.6 Crossbows
 + Level 2.6 Dodging
 * Level 3.0 Stealth


You had 4 spell levels left.
You didn't know any spells.
Your spell library was empty.

Dungeon Overview and Level Annotations

Branches:
Dungeon (3/15)

Altars:


Innate Abilities, Weirdness & Mutations

You are small and have problems with some larger weapons.
You are carnivorous and can eat meat at any time.


Message History

The magic dart hits you!
* * * LOW HITPOINT WARNING * * *
You barely miss something. Something hits you but does no damage.
It was a potion of flight.
You feel very buoyant.
You fly up into the air.
An orc wizard appears from thin air!
Reactivating autopickup.
The orc wizard completely misses you.
It was a potion of curing.
You feel better. The orc wizard casts a spell at you.
The puff of flame hits you.
* * * LOW HITPOINT WARNING * * *
You barely miss the orc wizard.
The orc wizard is severely wounded.
The orc wizard misses you.
You hit the orc wizard but do no damage.
The orc wizard is severely wounded.
The orc wizard casts a spell at you. The magic dart hits you.
You die...

###### #.#......####'####
###########.#........#..#
...................[...##
##########...........###
# ###...#.....÷...# #
##.>.###......÷..#
##..### #.....(...#
####..## #...<..##.#
.(...## #..<.@....#
###### #...>o..###
#.......# ##......#
#.......# #.......#
#.......# ##.....##
##...##


You could see an orc wizard.

Vanquished Creatures
  3 gnolls (D:2)
  2 adders (D:2)
  An ooze (D:2)
  2 dart slugs
  4 leopard geckos
  An orc (D:2)
  7 bats
  4 giant cockroaches
  5 goblins
  4 hobgoblins
  4 jackals (D:2)
  4 kobolds
  4 quokkas (D:2)
  A ball python (D:1)
  3 frilled lizards
  6 rats
55 creatures vanquished.

Notes
Turn   | Place    | Note
-------+----------+-------------------------------------------
     0 | D:1      | robertstho the Kobold Hunter began the quest for the Orb.
     0 | D:1      | Reached XP level 1. HP: 12/12 MP: 1/1
    24 | D:1      | Reached skill level 5 in Crossbows
    56 | D:1      | Reached XP level 2. HP: 17/17 MP: 2/2
   269 | D:1      | Reached XP level 3. HP: 21/21 MP: 3/3
   629 | D:2      | Reached skill level 6 in Crossbows
   631 | D:2      | Reached XP level 4. HP: 21/27 MP: 4/4
   931 | D:2      | Reached XP level 5. HP: 31/31 MP: 5/5
  1200 | D:2      | Killed from afar by an orc wizard

Illustrated notes

Levels and vault maps discovered:
D:1:      psy_arrival_terrarium, layout_rooms
D:2:      layout_rooms, serial_glass, glass_columns_b, glass_columns_a,
          glass_columns_b, glass_columns_b, glass_columns_a, glass_columns_c,
          glass_columns_a, glass_columns_c, minmay_fountain_box,
          serial_park_tiny_1
D:3:      layout_loops_corners, grunt_temple_overflow_open

Skill      XL: |  1  2  3  4  5 |
---------------+----------------+-----
Crossbows      | 5 6 |  6.6
Stealth        | 2 3 |  3.0
Fighting       | |  2.7
Short Blades   | |  0.3
Dodging        | |  2.6

Action                   |  1- 3 |  4- 6 || total
-------------------------+-------+-------++-------
Melee: Short sword       |     1 |       ||     1
       Dagger            |       |    23 ||    23
 Fire: Hand crossbow     |    52 |    47 ||    99
  Use: Potion            |       |     2 ||     2
  Eat: Chunk             |     7 |     2 ||     9
Armor: Leather armour    |     5 |    11 ||    16
Dodge: Dodged            |    22 |    21 ||    43
